 Dungeon Crawl Stone Soup version 0.25.0-9-g26727b657a (webtiles) character file.

Game seed: 9142729679607373527

254 Lekan the Chopper (level 6, 0/56 HPs)
             Began as a Hill Orc Abyssal Knight on June 19, 2020.
             Was a Believer of Lugonu.
             Succumbed to a scorpion's poison
             ... on level 3 of the Dungeon.
             The game lasted 00:11:20 (2984 turns).

Lekan the Chopper (Hill Orc Abyssal Knight)         Turns: 2984, Time: 00:11:20

Health: 0/56       AC:  6    Str: 17    XL:     6   Next: 15%
Magic:  8/8        EV: 11    Int: 12    God:    Lugonu [**....]
Gold:   129        SH:  0    Dex: 10    Spells: 5/5 levels left

rFire    . . .     SeeInvis .   a - +1 hand axe
rCold    . . .     Gourm    .   (no shield)
rNeg     . . .     Faith    .   n - +0 ring mail
rPois    .         Spirit   .   m - +0 helmet
rElec    .         Reflect  .   (no cloak)
rCorr    .         Harm     .   (no gloves)
MR       .....                  (no boots)
Stlth    +.........             (no amulet)
HPRegen  0.18/turn              (no ring)
MPRegen  0.11/turn              (no ring)

@: lethally poisoned (0 -> -1)
A: no striking features
a: Depart the Abyss, Bend Space, Renounce Religion


You were on level 3 of the Dungeon.
You worshipped Lugonu.
Lugonu was pleased with you.
You were not hungry.

You visited 1 branch of the dungeon, and saw 3 of its levels.
You visited the Abyss 1 time.

You collected 129 gold pieces.

Inventory:

Hand Weapons
 a - a +1 hand axe (weapon)
 e - a +0 dagger of venom
Missiles
 q - 6 boomerangs (quivered)
Armour
 b - a +0 leather armour
 m - a +0 helmet (worn)
 n - a +0 ring mail (worn)
Jewellery
 o - a +4 ring of protection {unknown}
Scrolls
 g - a scroll of blinking {unknown}
 h - 4 scrolls of identify {unknown}
 i - 2 scrolls of teleportation {unknown}
 j - 2 scrolls of noise {unknown}
 k - a scroll of amnesia {unknown}
Comestibles
 l - a ration
 p - 3 chunks of flesh


   Skills:
 + Level 5.0 Fighting
 + Level 5.4 Axes
 + Level 3.4 Armour
 + Level 1.7 Dodging
 + Level 0.4 Stealth
 + Level 3.0 Invocations


You had 5 spell levels left.
You didn't know any spells.
Your spell library was empty.

Dungeon Overview and Level Annotations

Branches:
Dungeon (3/15)

Altars:


Message History

You see here a scorpion corpse.
You completely miss the worm. The worm completely misses you.
You hit the worm.
The worm is lightly wounded.
You hit the worm.
The worm is heavily wounded.
You feel sick. The worm barely misses you.
You hit the worm but do no damage.
The worm is moderately wounded.
The worm bites you.
* * * LOW HITPOINT WARNING * * *
It was a potion of haste.
You feel yourself speed up.
It was a potion of brilliance.
You feel clever all of a sudden. The worm completely misses you.
Okay, then.
Your magical effects are unravelling.
You feel magically purged.
You feel yourself slow down.
You feel a little less clever now.
You die...

###.# .#. .. ...... ... .#### ...
........ ###.### ##.... ...
......... ..... ....# ## ###..
.........####/#####...# ...
....##).................#...#....
...............).................
................w#.#.#<.....#....
.....<..#####.##@#.#....#...# .
#..##.# # #.#.#....รท.#.#
###...#.# #.#.#.#.####.#
....#.#.# #.#.#.#....#.#
#####)#.# #...#.####.#.#
........# #####......#.####
####.#..# ##.............# #.#..#
#..............# #.#..#
#..............#


You could see a worm.

Vanquished Creatures
  A water moccasin (D:3)
  A scorpion (D:3)
  Robin (D:2)
  2 adders
  2 oozes
  A worm (D:3)
  3 dart slugs
  3 leopard geckos
  2 giant cockroaches
  14 goblins
  9 hobgoblins
  A ball python (D:2)
  A bat (D:3)
  3 frilled lizards
  5 kobolds
  4 rats
53 creatures vanquished.

Notes
Turn   | Place    | Note
-------+----------+-------------------------------------------
     0 | Abyss:1  | Lekan the Hill Orc Abyssal Knight began the quest for the
                  | Orb.
     0 | Abyss:1  | Reached XP level 1. HP: 19/19 MP: 2/2
    58 | Abyss:1  | Found a corrupted altar of Lugonu.
    72 | Abyss:1  | Noticed a small abomination
    78 | D:1      | Escaped the Abyss
   444 | D:1      | Reached XP level 2. HP: 27/27 MP: 4/4
   935 | D:1      | Reached XP level 3. HP: 32/33 MP: 5/5
  1030 | D:1      | Reached * piety under Lugonu
  1360 | D:2      | Reached skill level 1 in Dodging
  1875 | D:2      | Noticed Robin
  1891 | D:2      | Reached XP level 4. HP: 21/41 MP: 6/6
  1909 | D:2      | Killed Robin
  2463 | D:3      | Noticed a water moccasin
  2485 | D:3      | HP: 2/41 [water moccasin (2)]
  2486 | D:3      | Killed a water moccasin
  2486 | D:3      | Reached XP level 5. HP: 3/47 MP: 7/7
  2911 | D:3      | Reached ** piety under Lugonu
  2950 | D:3      | Reached skill level 5 in Axes
  2976 | D:3      | Reached skill level 5 in Fighting
  2976 | D:3      | Reached XP level 6. HP: 14/56 MP: 8/8
  2981 | D:3      | HP: 1/56 [worm (6)]
  2984 | D:3      | Succumbed to a scorpion's poison

Illustrated notes

Levels and vault maps discovered:
D:1:      kilobyte_arrival_exit_the_forest, layout_basic
D:2:      layout_loops_cross, minmay_misc_feat_room, uniq_robin
D:3:      layout_basic, nicolae_overflow_hidden_temple,
          lemuel_coloured_pillars_altar, dancing_weapons_uskayaw, first_ration,
          minmay_crystal_room, uniq_sigmund

Skill      XL: |  1  2  3  4  5 |
---------------+----------------+-----
Fighting       | 4 5 |  5.0
Axes           | 3 4 5 |  5.4
Dodging        | 1 |  1.7
Invocations    | 3 |  3.0
Armour         | 3 |  3.4
Stealth        | |  0.4

Action                   |  1- 3 |  4- 6 || total
-------------------------+-------+-------++-------
Melee: Hand axe          |   104 |    87 ||   191
Invok: Depart the Abyss  |     1 |       ||     1
  Use: Potion            |     2 |     5 ||     7
  Eat: Chunk             |     2 |     1 ||     3
       Ration            |       |     1 ||     1
Armor: Leather armour    |    16 |    15 ||    31
       Ring mail         |       |     8 ||     8
Dodge: Dodged            |    64 |    38 ||   102
